 Dungeon Crawl Stone Soup version 0.21.1-1-g345015f (webtiles) character file.

28 Solrac the Firebug (level 3, -7/24 HPs)
             Began as a Demonspawn Fire Elementalist on Feb 16, 2018.
             Killed from afar by a hobgoblin (28 damage)
             ... with an exploding inner flame
             ... hexed by the player character
             ... on level 1 of the Dungeon.
             The game lasted 00:09:27 (1541 turns).

Solrac the Firebug (Demonspawn Fire Elementalist)   Turns: 1541, Time: 00:09:28

Health: -7/24      AC:  2    Str:  8    XL:     3   Next: 0%
Magic:  0/6        EV: 14    Int: 17    God:
Gold:   33         SH:  0    Dex: 13    Spells: 0/6 levels left

rFire    . . .     SeeInvis .   h - -1 hunting sling (curse)
rCold    . . .     Gourm    .   (no shield)
rNeg     . . .     Faith    .   a - +0 robe
rPois    .         Spirit   .   (no helmet)
rElec    .         Reflect  .   (no cloak)
rCorr    .         Harm     .   (no gloves)
MR       .....                  (no boots)
Stlth    ++........             (no amulet)
HPRegen  0.08/turn              (no ring)
MPRegen  0.10/turn              (no ring)

@: very slightly contaminated
A: repulsion field 1, powered by death 1
a: no special abilities


You were on level 1 of the Dungeon.
You were not hungry.

You visited 1 branch of the dungeon, and saw 1 of its levels.

You collected 33 gold pieces.

Inventory:

Hand Weapons
 e - a +0 club
 h - a cursed -1 hunting sling (weapon)
 i - a +0 mace
Missiles
 f - 2 stones (quivered)
Armour
 a - a +0 robe (worn)
Jewellery
 d - an uncursed ring of poison resistance {unknown}
Potions
 g - a potion of heal wounds
Books
 b - a book of Flames

   Spells                             Type                      Level
   a - Flame Tongue                   Conjuration/Fire             1
   b - Throw Flame                    Conjuration/Fire             2
   c - Conjure Flame                  Conjuration/Fire             3
   d - Inner Flame                    Hexes/Fire                   3
   e - Sticky Flame                   Conjuration/Fire             4
   f - Fireball                       Conjuration/Fire             5
Comestibles
 c - a ration
 j - 2 chunks of flesh


   Skills:
 + Level 2.0 Dodging
 + Level 1.8 Stealth
 + Level 1.1 Unarmed Combat
 + Level 2.3 Spellcasting
 + Level 1.1 Conjurations
 + Level 2.9 Fire Magic


You couldn't memorise any spells.
You knew the following spells:

 Your Spells              Type           Power        Failure   Level  Hunger
a - Flame Tongue          Conj/Fire      #....        8%          1    #......
b - Throw Flame           Conj/Fire      #.....       12%         2    ##.....
c - Inner Flame           Hex/Fire       #.......     30%         3    ###....


Dungeon Overview and Level Annotations

Branches:
Dungeon (1/15)

Altars:


Innate Abilities, Weirdness & Mutations

You are surrounded by a mild repulsion field. (EV +2)
You regenerate a little health from kills.


Message History

You don't have enough magic to cast that spell.
Really attack while wielding your cursed -1 hunting sling?
Okay, then.
Really attack while wielding your cursed -1 hunting sling?
You clumsily bash the hobgoblin but do no damage.
The hobgoblin closely misses you. The hobgoblin barely misses you.
Firing (i - inventory):
f - 3 stones (quivered)
Press: ? - help, Shift-Dir - straight line, f/p - hobgoblin
Aim: a hobgoblin (inner flame)
You shoot a stone. The stone hits the hobgoblin.
The hobgoblin is heavily wounded.
The hobgoblin hits you.
Firing (i - inventory):
f - 2 stones (quivered)
Press: ? - help, Shift-Dir - straight line, f/p - hobgoblin
Aim: a hobgoblin (heavily wounded, inner flame)
You shoot a stone. The stone hits the hobgoblin.
The hobgoblin explodes!
The fiery explosion engulfs you!
Ouch! That really hurt!
You die...

#................#
#.#########......# ####
#.# ##...#.#
...###.###### ##.##.#
............# #.#*.#
##.###.####.### *.#*,*
.......#*,,...# *.#*,*
##.######,**#.####.##.#
...# #.* #.ยง(@."...#
#### #.###.#########
#.....# ###.### #.# #.#
#.# #.# #)#


There were no monsters in sight!

Vanquished Creatures
  An ooze (D:1)
  A dart slug (D:1)
  A leopard gecko (D:1)
  5 bats (D:1)
  4 goblins (D:1)
  2 hobgoblins (D:1)
  A frilled lizard (D:1)
  3 kobolds (D:1)
  A rat (D:1)
19 creatures vanquished.

Notes
Turn   | Place    | Note
-------+----------+-------------------------------------------
     0 | D:1      | Solrac the Demonspawn Fire Elementalist began the quest for the Orb.
     0 | D:1      | Reached XP level 1. HP: 13/13 MP: 3/3
    57 | D:1      | Reached skill level 1 in Unarmed Combat
   445 | D:1      | Gained mutation: You are surrounded by a mild repulsion field. (EV +2) [demonic ancestry]
   445 | D:1      | Reached XP level 2. HP: 17/19 MP: 1/5
   490 | D:1      | Learned a level 2 spell: Throw Flame
  1476 | D:1      | Gained mutation: You regenerate a little health from kills. [demonic ancestry]
  1476 | D:1      | Reached XP level 3. HP: 24/24 MP: 1/6
  1530 | D:1      | Learned a level 3 spell: Inner Flame
  1541 | D:1      | Killed from afar by a hobgoblin

Skill      XL: |  1  2 |
---------------+-------+-----
Unarmed Combat | 1 |  1.1
Dodging        | 2 |  2.0
Stealth        | |  1.8
Spellcasting   | |  2.3
Conjurations   | |  1.1
Fire Magic     | |  2.9

Action                   || total
-------------------------++-------
Melee: Unarmed           ||    22
       Club              ||     8
       Mace              ||     4
       Hunting sling     ||     1
 Fire: Hunting sling     ||     4
Throw: Stone             ||     3
 Cast: Flame Tongue      ||    20
       Throw Flame       ||    11
       Inner Flame       ||     1
  Use: Scroll            ||     3
       Potion            ||     1
  Eat: Chunk             ||     2
       Ration            ||     1
Armor: Robe              ||    16
Dodge: Dodged            ||    46
